 Dungeon Crawl Stone Soup version 0.22-a0-537-ge9e9f76342 (webtiles) character file.

267 M4edhros the Insei (level 6, -3/36 HPs)
             Began as an Octopode Necromancer on June 23, 2018.
             Slain by Grinder (10 damage)
             ... while paralysed by Grinder
             ... on level 4 of the Dungeon.
             The game lasted 00:04:58 (1238 turns).

M4edhros the Insei (Octopode Necromancer)           Turns: 1238, Time: 00:04:59

Health: -3/36      AC:  1    Str:  7    XL:     6   Next: 21%
Magic:  18/18      EV:  2    Int: 17    God:
Gold:   211        SH:  0    Dex: 15    Spells: 4/9 levels left

rFire    . . .     SeeInvis .     - Unarmed
rCold    . . .     Gourm    .   (no shield)
rNeg     . . .     Faith    .   (helmet restricted)
rPois    .         Spirit   .   (no amulet)
rElec    .         Reflect  .   k - ring of magical power
rCorr    .         Harm     .   (no ring)
MR       .....                  (no ring)
Stlth    +++.......             (no ring)
HPRegen  0.12/turn              (no ring)
MPRegen  0.16/turn              (no ring)
                                (no ring)
                                (no ring)

@: paralysed
A: almost no armour, stealthy swim, amphibious, 8 rings, constrict 8, camouflage
1, gelatinous body 1
a: no special abilities


You were on level 4 of the Dungeon.
You were hungry.

You visited 1 branch of the dungeon, and saw 4 of its levels.

You collected 211 gold pieces.

Inventory:

Armour
 n - a +2 shield
Jewellery
 k - a ring of magical power (left tentacle)
Wands
 f - a wand of enslavement (5)
Scrolls
 c - a scroll of random uselessness {unknown}
 d - 2 scrolls of identify {unknown}
 e - a scroll of enchant armour {unknown}
 g - 3 scrolls of magic mapping {unknown}
 h - a scroll of amnesia {unknown}
 i - a scroll of remove curse {unknown}
 j - 3 scrolls of teleportation {unknown}
 l - 2 scrolls of fog {unknown}
Potions
 m - a potion of curing
Comestibles
 a - 5 chunks of flesh
 b - 2 rations


   Skills:
 - Level 2.0 Dodging
 - Level 2.6 Stealth
 + Level 5.9 Unarmed Combat
 - Level 2.0 Spellcasting
 - Level 4.0 Necromancy


You had 4 spell levels left.
You knew the following spells:

 Your Spells              Type           Power        Failure   Level  Hunger
a - Pain                  Necr           ###.         3%          1    #......
b - Animate Skeleton      Necr           N/A          3%          1    #......
c - Regeneration          Chrm/Necr      #.........   26%         3    ###....

Your spell library contained the following spells:

 Spells                   Type           Power        Failure   Level  Hunger
 Apportation              Tloc           #.....       19%         1    #......
 Summon Small Mammal      Summ           #...         19%         1    #......
 Animate Dead             Necr           N/A          36%         4    #####..
 Vampiric Draining        Necr           ###.......   11%         3    ###....
 Confusing Touch          Hex            #.....       19%         1    #......


Dungeon Overview and Level Annotations

Branches:
Dungeon (4/15)
 Temple: D:4-7

Altars:
Ashenzari
Fedhas
Yredelemnul

Annotations:
D:4 DasRunzen's ghost, amateur DrFi; Grinder


Innate Abilities, Weirdness & Mutations

You cannot wear most types of armour.
You are very stealthy in the water. (Stealth+)
You are amphibious.
You can wear up to eight rings at the same time.
You can use your tentacles to constrict eight enemies at once.
Your skin changes colour to match your surroundings (Stealth+).
Your rubbery body absorbs attacks. (AC +1, EV +1)


Message History

The worm is heavily wounded.
You constrict the worm. The worm barely misses you.
Your hound skeleton bites the worm.
You tentacle-slap the worm.
You kill the worm!
Grinder gestures at you.
You barely resist. Grinder gestures at you.
You suddenly lose the ability to move!
Grinder hits you but does no damage.
Your hound skeleton misses Grinder.
Grinder hits you.
Your hound skeleton bites Grinder but does no damage.
Your hound skeleton closely misses Grinder.
Grinder hits you!
You writhe in agony.
Your hound skeleton bites Grinder.
Grinder hits you.
* * * LOW HITPOINT WARNING * * *
You writhe in agony.
* * * LOW HITPOINT WARNING * * *
Your hound skeleton bites Grinder.
Grinder hits you!
You die...

. ########..
######.........
#..............
#.###..†.......
#...#..@Z......
.####...#...5......
........#..........
###########..#..........
#.....#####..#..........
#............#..........
#....(######.#....?.....
#..........#.#.#+#######
#....[.###.#.# ...


You could see Grinder and a friendly hound skeleton.

Vanquished Creatures
  An orc priest (D:3)
  A bullfrog zombie (D:3)
  A hound (D:4)
  2 worker ants (D:4)
  8 adders
  3 worms
  3 dart slugs
  A leopard gecko (D:3)
  An orc (D:3)
  2 ball pythons
  4 bats
  4 giant cockroaches
  2 goblins (D:1)
  4 hobgoblins
  A quokka (D:4)
  4 frilled lizards
  7 kobolds
  4 rats (D:1)
53 creatures vanquished.

Vanquished Creatures (collateral kills)
  3 goblins
  A kobold (D:3)
  A rat (D:3)
5 creatures vanquished.

Grand Total: 58 creatures vanquished

Notes
Turn   | Place    | Note
-------+----------+-------------------------------------------
     0 | D:1      | M4edhros the Octopode Necromancer began the quest for the Orb.
     0 | D:1      | Reached XP level 1. HP: 11/11 MP: 3/3
    48 | D:1      | Learned a level 1 spell: Animate Skeleton
    52 | D:1      | Reached skill level 1 in Unarmed Combat
    75 | D:1      | Reached XP level 2. HP: 17/17 MP: 5/5
   180 | D:1      | Reached skill level 2 in Unarmed Combat
   295 | D:1      | Reached XP level 3. HP: 15/21 MP: 6/6
   319 | D:1      | Learned a level 3 spell: Regeneration
   441 | D:2      | Found a basalt altar of Yredelemnul.
   479 | D:2      | Reached skill level 3 in Unarmed Combat
   609 | D:3      | Reached XP level 4. HP: 5/27 MP: 7/7
   610 | D:3      | HP: 2/40 [bullfrog zombie (1)]
   612 | D:3      | Reached skill level 4 in Unarmed Combat
   649 | D:3      | Found a shattered altar of Ashenzari.
   776 | D:3      | Reached XP level 5. HP: 14/31 MP: 8/8
   869 | D:3      | Reached skill level 5 in Unarmed Combat
  1087 | D:4      | Found a blossoming altar of Fedhas.
  1088 | D:4      | Noticed a centaur
  1118 | D:4      | Found a transporter.
  1118 | D:4      | Noticed DasRunzen's ghost (amateur DrFi)
  1144 | D:4      | Found a transporter.
  1178 | D:4      | Reached XP level 6. HP: 23/36 MP: 9/9
  1227 | D:4      | Noticed Grinder
  1233 | D:4      | Paralysed by Grinder for 6 turns
  1238 | D:4      | Slain by Grinder

Vault maps used:
D:1:      grunt_arrival_crossed_arrows, columned_hall_lemuel, minivault_26,
          amethyst_killhole, minmay_octomino_c4
D:2:      yredelemnul_altar_generic, zin_treasury
D:3:      cheibrodos_ashenzari_chains, minmay_ruptured, uniq_crazy_yiuf_cottage
D:4:      gammafunk_ghost_arena, first_ration, fedhas_bush_and_centaur_altar,
          uniq_grinder

Skill      XL: |  1  2  3  4  5 |
---------------+----------------+-----
Unarmed Combat | 1 2 3 4 5 |  5.9
Dodging        | |  2.0
Stealth        | |  2.6
Spellcasting   | |  2.0
Necromancy     | |  4.0

Action                   |  1- 3 |  4- 6 || total
-------------------------+-------+-------++-------
Melee: Unarmed           |    78 |    96 ||   174
       Constrict         |    24 |    21 ||    45
       Tentacles         |    10 |    16 ||    26
       Punch             |     1 |     5 ||     6
 Cast: Animate Skeleton  |     5 |    12 ||    17
       Pain              |     5 |       ||     5
       Regeneration      |     2 |    15 ||    17
  Use: Potion            |     1 |     4 ||     5
 Stab: Sleeping          |     6 |     5 ||    11
  Eat: Chunk             |       |     4 ||     4
Armor: Skin              |     8 |     8 ||    16
Dodge: Dodged            |    55 |    69 ||   124

Table legend:
 A = Spawn XP
 B = Non-spawn XP
 C = Spawn XP percentage of total XP
 D = Spawn monster count
 E = Non-spawn monster count
 F = Spawn count percentage of total count
 G = Total turns spent on level
                    A         B        C        D         E        F      G
               +---------+---------+-------+---------+---------+-------+---------
         Total |       0 |     382 |   0.0 |       0 |      58 |   0.0 |  1238
               +---------+---------+-------+---------+---------+-------+---------
           D:1 |       0 |      30 |   0.0 |       0 |      16 |   0.0 |   303
           D:2 |       0 |      45 |   0.0 |       0 |       7 |   0.0 |   291
           D:3 |       0 |     190 |   0.0 |       0 |      27 |   0.0 |   418
           D:4 |       0 |     117 |   0.0 |       0 |       8 |   0.0 |   226
               +---------+---------+-------+---------+---------+-------+---------
